 Dungeon Crawl Stone Soup version 0.23.2-40-g277498a001 (webtiles) character file.

Game seed: 17263640861080645321

133 Frank2 the Chopper (level 4, -3/36 HPs)
             Began as a Demigod Gladiator on Sept 6, 2019.
             Killed from afar by an orc wizard (8 damage)
             ... with a magic dart
             ... on level 3 of the Dungeon.
             The game lasted 00:02:42 (1900 turns).

Frank2 the Chopper (Demigod Gladiator)              Turns: 1900, Time: 00:02:43

Health: -3/36      AC:  7    Str: 17    XL:     4   Next: 64%
Magic:  6/6        EV: 12    Int: 12    God:
Gold:   142        SH:  2    Dex: 19    Spells: 3/3 levels left

rFire    . . .     SeeInvis .   a - +0 war axe
rCold    . . .     Gourm    .   (no shield)
rNeg     . . .     Faith    .   p - +0 ring mail
rPois    .         Spirit   .   c - +0 helmet
rElec    .         Reflect  +   (no cloak)
rCorr    .         Harm     .   m - +0 pair of gloves
MR       .....                  (no boots)
Stlth    +.........             g - +2 amulet of reflection
HPRegen  0.12/turn              (no ring)
MPRegen  0.10/turn              (no ring)

@: lethally poisoned (-3 -> -29)
A: high mp 1
a: no special abilities


You were on level 3 of the Dungeon.
You were not hungry.

You visited 1 branch of the dungeon, and saw 3 of its levels.

You collected 142 gold pieces.

Inventory:

Hand Weapons
 a - a +0 war axe (weapon)
Missiles
 d - 3 throwing nets (quivered)
Armour
 c - a +0 helmet (worn)
 m - a +0 pair of gloves (worn)
 p - a +0 ring mail (worn)
 q - a +0 chain mail
Jewellery
 g - a +2 amulet of reflection (around neck)
 i - an uncursed ring of fire
Wands
 r - a wand of paralysis (7)
Scrolls
 b - 2 scrolls of identify
 l - a scroll of teleportation
Potions
 e - a potion of cancellation
 h - a potion of degeneration
 j - 2 potions of might
 k - a potion of curing
 n - a potion of heal wounds {unknown}
Comestibles
 f - 9 rations
 o - a chunk of flesh


   Skills:
 + Level 2.1 Fighting
 + Level 4.1 Axes
 - Level 1.7 Throwing
 * Level 2.0 Armour
 + Level 3.1 Dodging


You had 3 spell levels left.
You didn't know any spells.
Your spell library was empty.

Dungeon Overview and Level Annotations

Branches:
Dungeon (3/15)


Innate Abilities, Weirdness & Mutations

You have an increased reservoir of magic. (+10% MP)


Message History

You are more poisoned.
It was a potion of curing.
You feel better. Something hits you but does no damage.
You are poisoned.
You barely miss something.
You feel sick. Something hits you but does no damage.
You are more poisoned.
The orc wizard gestures wildly while chanting.
The orc wizard blinks!
Something hits you.
You are lethally poisoned!
The orc wizard gestures at you while chanting.
The magic dart hits you!
You hit something but do no damage.
You feel sick.
You hear some strange, mumbled words.
A magic dart appears from out of thin air!
The magic dart hits you!
* * * LOW HITPOINT WARNING * * *
The orc wizard points at you and mumbles some strange words.
The magic dart hits you!
You die...

#.. ..#.### #.# #.......
o... #.# .#...# .o..#
#.###.....# ###.o..#
#.##).....# ..#.o..#
##.##†#..####... #.....#
.(..#.#..####..# ##.....##
÷....).........####o......#
#...#.#.#####..o@{or......#
##.##.#.#####..####§...>..#
...##.#.##.....# ##.)..###
..###(.........#####....#
..# ######.............##
.#..... #..#..#####.###
....### #..#### #.# ...##
#..†.8.# #.# ####
...P[....P.8! ###


You could see an orc wizard, 2 orcs and a rat.

Vanquished Creatures
  Ijyb (D:3)
  4 adders
  An ooze (D:3)
  2 worms
  3 leopard geckos
  An orc (D:3)
  5 giant cockroaches
  10 goblins
  4 hobgoblins
  A quokka (D:3)
  8 bats
  2 frilled lizards
  12 kobolds
  3 rats
57 creatures vanquished.

Notes
Turn   | Place    | Note
-------+----------+-------------------------------------------
     0 | D:1      | Frank2 the Demigod Gladiator began the quest for the Orb.
     0 | D:1      | Reached XP level 1. HP: 17/17 MP: 3/3
   152 | D:1      | Reached XP level 2. HP: 24/24 MP: 4/4
   199 | D:1      | Reached skill level 3 in Axes
   843 | D:2      | Found a burning altar of Makhleb.
   845 | D:2      | Noticed an Executioner
   958 | D:2      | Reached skill level 1 in Armour
   958 | D:2      | Reached XP level 3. HP: 26/29 MP: 5/5
  1074 | D:2      | Found a shimmering altar of Xom.
  1075 | D:2      | Found a radiant altar of Vehumet.
  1647 | D:3      | Reached XP level 4. HP: 27/36 MP: 6/6
  1835 | D:3      | Noticed Ijyb
  1844 | D:3      | Killed Ijyb
  1844 | D:3      | Reached skill level 4 in Axes
  1900 | D:3      | Killed from afar by an orc wizard

Skill      XL: |  1  2  3  4 |
---------------+-------------+-----
Axes           | 3 4 |  4.1
Armour         | 1 2 |  2.0
Fighting       | 2 |  2.1
Dodging        | 3 |  3.1
Throwing       | |  1.7

Action                   |  1- 3 |  4- 6 || total
-------------------------+-------+-------++-------
Melee: War axe           |   123 |    39 ||   162
  Use: Scroll            |     6 |     4 ||    10
       Potion            |       |     1 ||     1
 Stab: Sleeping          |     7 |       ||     7
  Eat: Chunk             |     2 |     1 ||     3
Armor: Leather armour    |    25 |       ||    25
       Ring mail         |    12 |    21 ||    33
Dodge: Dodged            |    91 |    28 ||   119
Block: Other             |     8 |     2 ||    10
